 Dungeon Crawl Stone Soup version 0.28.0-53-g5a82cb258f (webtiles) character file.

Game seed: 6048609098276943128

0 gobodom the Stinger (level 1, -2/13 HPs)
             Began as a Demonspawn Venom Mage on June 8, 2022.
             Slain by a quokka (5 damage)
             ... on level 1 of the Dungeon.
             The game lasted 00:00:29 (99 turns).

gobodom the Stinger (Demonspawn Venom Mage)           Turns: 99, Time: 00:00:33

Health: -2/13      AC:  2    Str:  8    XL:     1   Next: 8%
Magic:  1/3        EV: 12    Int: 16    God:
Gold:   6          SH:  0    Dex: 13    Spells: 3/4 levels left

rFire   . . .      SeeInvis .   (no weapon)
rCold   . . .      Faith    .   (no shield)
rNeg    . . .      Spirit   .   a - +0 robe
rPois   .          Reflect  .   (no helmet)
rElec   .          Harm     .   (no cloak)
rCorr   .          Rampage  .   (no gloves)
Will    .....                   (no boots)
Stlth   ++........              (no amulet)
HPRegen 0.04/turn               (no ring)
MPRegen 0.08/turn               (no ring)

@: very slightly contaminated
A: no striking features
a: no special abilities


You were on level 1 of the Dungeon.
You visited 1 branch of the dungeon, and saw 1 of its levels.

You collected 6 gold pieces.

Inventory:

Armour
 a - a +0 robe (worn)
Scrolls
 b - a scroll of noise {unknown}
 c - a scroll of vulnerability {unknown}
 d - a scroll of summoning {unknown}


   Skills:
 + Level 1.7 Dodging
 + Level 1.7 Stealth
 + Level 2.0 Spellcasting
 + Level 0.8 Transmutations
 + Level 3.0 Poison Magic


You had 3 spell levels left.
You knew the following spells:

 Your Spells              Type           Power      Damage    Failure   Level
a - Sting                 Tmut/Pois      28%        1d4       10%         1

Your spell library contained the following spells:

 Spells                   Type           Power      Damage    Failure   Level
 Poisonous Vapours        Pois/Air       12%        N/A       17%         2
 Mephitic Cloud           Conj/Pois/Air  4%         N/A       38%         3
 Olgreb's Toxic Radiance  Pois           11%        N/A       52%         4


Dungeon Overview and Level Annotations

Branches:
Dungeon (1/15)

Altars:


Message History

You kill the frilled lizard!
You see here a frilled lizard corpse.
You now have 6 gold pieces.
b - a scroll labelled IKOUCA CUENY
c - a scroll labelled FOACYU QUGGEO
d - a scroll labelled CYROIC CUALA A hobgoblin comes into view.
A quokka comes into view.
You completely miss the quokka.
The hobgoblin shouts!
The quokka closely misses you.
You barely miss the quokka. The quokka closely misses you.
You closely miss the quokka. The quokka bites you.
You hit the hobgoblin but do no damage. The quokka barely misses you.
The hobgoblin hits you.
You completely miss the hobgoblin. The quokka barely misses you.
The quokka completely misses you. The hobgoblin closely misses you.
You closely miss the hobgoblin. The quokka bites you.
The hobgoblin barely misses you. The quokka bites you.
* * * LOW HITPOINT WARNING * * *
Casting: Sting (safe; 10% risk of failure)
Confirm with . or Enter, or press ? or * to list all spells.
Aiming: Sting (safe; 10% risk of failure)
Press: ? - help, Shift-Dir - straight line, f - quokka
Aim: a quokka (56% to hit)
You miscast Sting.
You are very lightly contaminated with residual magic.
Nothing appears to happen.
The quokka bites you but does no damage.
Unknown command.
Casting: Sting (safe; 10% risk of failure)
Confirm with . or Enter, or press ? or * to list all spells.
Aiming: Sting (safe; 10% risk of failure)
Press: ? - help, Shift-Dir - straight line, f/p - quokka
Aim: a quokka (56% to hit)
The sting hits the quokka.
The quokka is poisoned.
The quokka is moderately wounded.
The quokka bites you.
You die...

#..........
#..........
#...........
#...........
#................
#................
###g###.........
#r....####....
#@....#....#.# .
#.....#.#..#.# ..
#.....#.##.#.##...
#.....#...........
#..........#.##.##
#..........#.##.#.
#.......##.#.##.#.
#.......##.#.##.#.
#..........#.##.#.


You could see a quokka (poisoned) and a hobgoblin.

Vanquished Creatures
  A frilled lizard (D:1)
1 creature vanquished.

Notes
Turn   | Place    | Note
-------+----------+-------------------------------------------
     0 | D:1      | gobodom the Demonspawn Venom Mage began the quest for the
                  | Orb.
     0 | D:1      | Reached XP level 1. HP: 13/13 MP: 3/3
    99 | D:1      | Slain by a quokka

Illustrated notes

Levels and vault maps discovered:
D:1:      amcnicky_arrival_single_pillar, layout_basic,
          shapermc_ecumenical_altar_ellora, minmay_misc_feat_more_columns,
          amcnicky_mini_rare_corridor_liquid

Action                   || total
-------------------------++-------
Melee: Unarmed           ||     9
 Cast: Sting             ||     1
Armor: Robe              ||     2
Dodge: Dodged            ||     9
